Map: Persephone LE

Players

IlIlIlIlIlII

  • Race: Terran Terran
  • League: Diamond
  • Spawn Location: 11:00

Francis - Winner!

  • Race: Protoss Protoss
  • League: Platinum
  • Spawn Location: 7:00

VOD

Have the link to the VOD?

Description

Time

  • Played on: July 25, 2025, 3:25 p.m.
  • Length: 12:45
Show
View Real Time Build Order
Export as new Build Order

IlIlIlIlIlII Terran 

Build Orders:  

Get SALT Encoding   

  12  0:11  Supply Depot  
  12  0:12  SCV  
  13  0:24  SCV  
  14  0:34  Barracks  
  14  0:38  Refinery  
  14  0:44  Refinery  
  14  0:49  SCV  
  14  1:30  Marine  
  13  1:48  Marine  
  12  1:56  Orbital Command  
  12  2:05  Marine  
  13  2:24  Marine  
  13  2:27  SCV  
  15  2:32  Factory  
  15  2:39  SCV  
  16  2:49  Marine  
  17  2:51  SCV  
  18  3:07  Marine  
  19  3:16  Starport, Factory Tech Lab  
  19  3:17  SCV  
  20  3:26  Barracks Reactor  
  20  3:29  SCV  
  21  3:57  Starport Tech Lab  
  21  4:06  Supply Depot  
  21  4:16  Raven  
  23  4:27  Marine x2  
  23  4:28  Siege Tank  
  23  4:30  SCV  
  29  4:31  Supply Depot  
  25  4:42  SCV  
  26  4:48  Marine x2  
  28  5:08  Cyclone, Marine x2  
  28  5:10  Banshee  
  36  5:25  Marine  
  36  5:26  Marine  
  32  5:43  Marine x2  
  33  6:05  Siege Tank  
  33  6:07  Marine  
  33  6:09  Marine  
  38  6:13  SCV  
  39  6:32  Supply Depot  
  39  6:45  Banshee, Marine x2  
  44  6:49  Siege Tank  
  47  7:03  Marine x2  
  45  7:20  Marine  
  45  7:21  Cyclone  
  49  7:33  Marine  
  50  7:38  Marine  
  51  7:46  Medivac  
  51  7:51  Marine  
  51  8:15  Marine x2  
  51  8:16  Viking  
  51  8:18  Cyclone  
  41  8:41  Marine x2  
  40  8:50  Cyclone  
  40  8:52  Viking  
  43  9:04  Marine x2  
  45  9:22  Cyclone  
  45  9:23  Marine  
  45  9:24  Marine  
  48  9:36  Viking  
Show
View Real Time Build Order
Export as new Build Order

Francis Protoss - Winner!

Build Orders:  

Get SALT Encoding   

  12  0:00  Probe  
  13  0:14  Pylon  
  13  0:18  Probe  
  14  0:32  Forge  
  14  0:37  Probe  
  15  0:49  Pylon  
  14  1:13  Photon Cannon  
  14  1:14  Pylon  
  14  1:22  Pylon  
  14  1:38  Probe  
  15  1:43  Photon Cannon  
  14  1:55  Probe  
  14  2:00  Gateway  
  15  2:03  Assimilator  
  15  2:04  Probe  
  16  2:09  Assimilator  
  16  2:12  Probe  
  17  2:32  Pylon  
  17  2:34  Probe  
  18  2:46  Probe  
  18  2:49  Cybernetics Core  
  19  2:57  Pylon  
  19  2:58  Probe  
  20  3:10  Probe  
  21  3:17  Photon Cannon  
  21  3:22  Probe  
  21  3:23  Stalker  
  24  3:39  Probe  
  24  3:40  Stargate  
  25  3:56  Pylon  
  25  4:14  Oracle, Nexus  
  27  4:50  Probe  
  27  4:52  Shield Battery  
  28  4:54  Photon Cannon  
  28  5:02  Probe  
  29  5:11  Assimilator  
  29  5:13  Assimilator  
  29  5:14  Probe  
  30  5:47  Probe  
  28  5:53  Probe  
  29  5:59  Probe  
  29  6:00  Fleet Beacon  
  29  6:01  Stargate  
  34  6:05  Probe  
  34  6:07  Pylon  
  34  6:08  Void Ray  
  34  6:09  Probe  
  36  6:17  Probe  
  36  6:18  Probe  
  37  6:25  Probe  
  39  6:37  Probe  
  39  6:38  Robotics Facility  
  39  6:39  Probe  
  41  6:45  Tempest  
  45  6:49  Probe  
  45  6:51  Probe  
  47  6:57  Tempest  
  52  7:22  Probe  
  52  7:28  Tempest  
  56  7:40  Tempest  
  56  7:42  Shield Battery  
  56  7:43  Shield Battery  
  60  7:44  Pylon  
  60  7:51  Pylon  
  60  7:53  Pylon  
  44  8:34  Unknown  
  43  8:45  Tempest x2  
  51  8:59  Probe  
  52  9:03  Pylon  
  52  9:04  Pylon  
  52  9:11  Probe  
  53  9:23  Probe  
  54  9:28  Tempest x2  
  62  9:35  Probe  
  51  10:08  Probe  
  51  10:10  Probe  
  53  10:20  Probe, Tempest x2  
  62  10:22  Probe  
  62  10:23  Nexus  
  62  10:28  Stargate  
  63  10:30  Stargate  
  63  10:33  Pylon  
  63  10:34  Probe  
  64  10:35  Pylon  
  64  10:42  Photon Cannon  
  64  10:43  Photon Cannon  
  64  10:44  Pylon  
  64  10:46  Probe  
  72  11:22  Void Ray x2  
Tags
 
Add a new tag
Caveats
  • Supply blocks, unpowered buildings, or Contaminate may cause inaccurate times.
  • Supply counts are checked every 10 seconds.